 Dungeon Crawl Stone Soup version 0.28-b1-1-g3c77fb2ed1 (webtiles) character file.

Game seed: 7416363400854994261

569 McKennaii the Magician (level 6, -6/45 HPs)
             Began as a Demigod Conjurer on Jan 28, 2022.
             Mangled by Duvessa (10 damage)
             ... on level 4 of the Dungeon.
             The game lasted 00:05:23 (4058 turns).

McKennaii the Magician (Demigod Conjurer)           Turns: 4058, Time: 00:05:24

Health: -6/45      AC:  3    Str:  8    XL:     6   Next: 86%
Magic:  12/18      EV: 12    Int: 28    God:
Gold:   155        SH:  0    Dex: 12    Spells: 10/17 levels left

rFire   . . .      SeeInvis .   h - +0 dagger (protect)
rCold   . . .      Faith    .   (no shield)
rNeg    . . .      Spirit   .   a - +0 robe
rPois   .          Reflect  .   (no helmet)
rElec   .          Harm     .   (no cloak)
rCorr   .          Rampage  .   i - +0 pair of gloves
Will    .....                   (no boots)
Stlth   +.........              (no amulet)
HPRegen 0.15/turn               (no ring)
MPRegen 0.16/turn               (no ring)

@: confused, lethally poisoned (-6 -> -37), ambrosia-drunk
A: high mp 1, forlorn, divine attributes
a: no special abilities


You were on level 4 of the Dungeon.
You visited 1 branch of the dungeon, and saw 4 of its levels.

You collected 155 gold pieces.

Inventory:

Hand Weapons
 h - a +0 dagger of protection (weapon)
Armour
 a - a +0 robe (worn)
 i - a +0 pair of gloves (worn)
Magical Staves
 m - a staff of air
Scrolls
 b - 2 scrolls of identify {unknown}
 d - a scroll of magic mapping {unknown}
 f - 2 scrolls of fog {unknown}
 k - a scroll of silence {unknown}
 l - a scroll of immolation {unknown}
 n - 2 scrolls of amnesia {unknown}
Potions
 c - 5 potions of curing
 g - a potion of resistance {unknown}
 j - a potion of berserk rage {unknown}


   Skills:
 - Level 1.7 Dodging
 - Level 1.7 Stealth
 - Level 6.0 Spellcasting
 + Level 4.2 Conjurations
 + Level 1.8 Translocations


You had 10 spell levels left.
You knew the following spells:

 Your Spells              Type           Power      Damage    Failure   Level
a - Magic Dart            Conj           100%       1d8       1%          1
b - Searing Ray           Conj           64%        2d6       1%          2
c - Iskenderun's Mystic   Conj/Tloc      25%        2d7       17%         4

Your spell library contained the following spells:

 Spells                   Type           Power      Damage    Failure   Level
 Blink                    Tloc           36%        N/A       4%          2
 Sandblast                Erth           16%        2d6       6%          1
 Dazzling Flash           Conj/Hex       40%        N/A       8%          3
 Stone Arrow              Conj/Erth      40%        3d9       8%          3
 Passwall                 Tmut/Erth      6%         N/A       9%          2
 Fulminant Prism          Conj/Hex       10%        3d9       26%         4
 Manifold Assault         Tloc           18%        N/A       61%         5
 Storm Form               Tmut/Air       4%         N/A       100%        7


Dungeon Overview and Level Annotations

Branches:
Dungeon (4/15)
 Temple: D:4-7

Annotations:
D:4 Duvessa


Innate Abilities, Weirdness & Mutations

You have an increased reservoir of magic. (+10% MP)
You shall have no god before yourself.
Your divine heritage dramatically boosts your attributes as you level up.


Message History

Aim: Duvessa, wielding a +1 short sword of venom and wearing a +0 scale mail (heavily wounded, berserk, 86% to hit)
The searing ray hits Duvessa but does no damage.
Duvessa is heavily wounded. (Press . to maintain the ray.) Duvessa closely misses you.
The searing ray hits Duvessa.
Duvessa is severely wounded.
Duvessa misses you.
Duvessa hits you with a +1 short sword of venom.
* * * LOW HITPOINT WARNING * * *
Unknown command.
The searing ray hits Duvessa.
Duvessa is severely wounded.
Duvessa hits you with a +1 short sword of venom.
* * * LOW HITPOINT WARNING * * *
Unknown command.
Casting: Searing Ray (safe; 1% risk of failure)
Confirm with . or Enter, or press ? or * to list all spells.
The spell is quite dangerous to miscast (17% risk of failure)!
Continue anyway?
You erupt in a blast of force!
The mystic blast hits Duvessa!
Duvessa is severely wounded.
Duvessa is knocked back by the mystic blast.
Unknown command.
Casting: Iskenderun's Mystic Blast (quite dangerous; 17% risk of failure)
Confirm with . or Enter, or press ? or * to list all spells.
The spell is quite dangerous to miscast (17% risk of failure)!
Continue anyway?
You erupt in a blast of force!
The mystic blast hits Duvessa.
Duvessa is severely wounded.
Duvessa is knocked back by the mystic blast.
Your magical contamination has completely faded away.
It was a potion of ambrosia.
You are confused.
You feel invigorated.
You bump into the rock wall.
You bump into the rock wall.
Duvessa hits you with a +1 short sword of venom!
* * * LOW HITPOINT WARNING * * *
You are lethally poisoned!
Duvessa hits you with a +1 short sword of venom!
You die...

........#
........#
........#####.#
#######.......#
#.#######
#......#
#..###.# #..#
#.###### #..#
#...e@.# #..#
######.# #..#
.# ...# )# #.##
.# .# ##


You could see Duvessa (berserk).

Vanquished Creatures
  Sigmund (D:2)
  2 scorpions
  Dowan (D:4)
  Natasha (thrice) (D:2)
  3 gnolls (D:3)
  A howler monkey skeleton (D:4)
  5 adders
  2 worms (D:3)
  3 dart slugs
  An orc (D:3)
  9 endoplasms
  12 goblins
  4 hobgoblins
  3 jackals (D:2)
  3 quokkas
  6 ball pythons
  3 bats (D:1)
  9 frilled lizards
  4 kobolds
  9 rats
84 creatures vanquished.

Notes
Turn   | Place    | Note
-------+----------+-------------------------------------------
     0 | D:1      | McKennaii the Demigod Conjurer began the quest for the Orb.
     0 | D:1      | Reached XP level 1. HP: 14/14 MP: 5/5
    51 | D:1      | Reached skill level 2 in Spellcasting
   306 | D:1      | Reached XP level 2. HP: 20/20 MP: 4/8
   770 | D:2      | Reached skill level 3 in Spellcasting
   779 | D:2      | Learned a level 2 spell: Searing Ray
   894 | D:2      | Reached XP level 3. HP: 26/26 MP: 5/10
  1382 | D:2      | Noticed Sigmund
  1389 | D:2      | Killed Sigmund
  1390 | D:2      | Reached skill level 5 in Spellcasting
  1390 | D:2      | Reached XP level 4. HP: 24/33 MP: 2/14
  1390 | D:2      | Reached XP level 5. HP: 28/38 MP: 2/15
  1400 | D:2      | Learned a level 4 spell: Iskenderun's Mystic Blast
  1621 | D:2      | Noticed Natasha
  1626 | D:2      | Killed Natasha
  2276 | D:2      | Noticed Natasha
  2284 | D:2      | Killed Natasha
  2360 | D:2      | Noticed Natasha
  2362 | D:2      | Killed Natasha
  2512 | D:3      | Reached XP level 6. HP: 35/45 MP: 12/18
  3062 | D:3      | Reached skill level 6 in Spellcasting
  3780 | D:4      | Reached skill level 1 in Translocations
  3945 | D:4      | Noticed Dowan
  3950 | D:4      | Killed Dowan
  4043 | D:4      | Noticed Duvessa
  4058 | D:4      | Mangled by Duvessa

Illustrated notes

Levels and vault maps discovered:
D:1:      wheals_arrival_shading, layout_rooms
D:2:      layout_rooms, grunt_ministairs_3, uniq_natasha, uniq_sigmund
D:3:      layout_basic, nicolae_gozag_cash_rules_everything_around_me,
          mainiacjoe_overflow_paths, minmay_randomly_rotated_circles
D:4:      layout_basic, trog_book, minmay_misc_feat_pillars, uniq_duvessa,
          uniq_blork_the_orc, uniq_crazy_yiuf_cottage

Skill      XL: |  1  2  3  4  5  6 |
---------------+-------------------+-----
Spellcasting   | 2 3 5 6 |  6.0
Conjurations   | 4 |  4.2
Translocations | 1 |  1.8
Dodging        | |  1.7
Stealth        | |  1.7

Action                   |  1- 3 |  4- 6 || total
-------------------------+-------+-------++-------
 Cast: Magic Dart        |    83 |   105 ||   188
       Searing Ray       |     1 |     9 ||    10
       Iskenderun's Myst |       |     2 ||     2
  Use: Potion            |       |     3 ||     3
Armor: Robe              |       |     4 ||     4
Dodge: Dodged            |     8 |    13 ||    21
